 Dungeon Crawl Stone Soup version 0.19-a0-628-g9200b3b (webtiles) character file.

2864 pk666 the Fighter (level 9, -4/82 HPs)
             Began as a Minotaur Berserker on June 13, 2016.
             Was an Elder of Trog.
             Succumbed to Maurice's poison
             ... on level 8 of the Dungeon.
             The game lasted 00:17:30 (8623 turns).

pk666 the Fighter (Minotaur Berserker)              Turns: 8623, Time: 00:17:31

Health: -4/82      AC: 10    Str: 24    XL:     9   Next: 47%
Magic:  8/8        EV: 13    Int:  4    God:    Trog [****..]
Gold:   446        SH:  0    Dex: 11    Spells: 0 memorised, 8 levels left

rFire  . . .     SeeInvis .     A - +0 war axe
rCold  . . .     Gourm    .     I - +0 scale mail (curse)
rNeg   . . .     Faith    +     (no shield)
rPois  .         Spirit   .     (helmet restricted)
rElec  .         Dismiss  .     (no cloak)
rCorr  .         Reflect  .     (no gloves)
SustAt .         Harm     .     j - +1 pair of boots
MR     .....                    n - amulet of faith
Stlth  ..........               (no ring)
                                (no ring)

@: lethally poisoned (-4 -> -34), exhausted, slowed, very slow, not resistant to
hostile enchantments, extremely unstealthy
A: retaliatory headbutt, horns 2
a: Berserk, Trog's Hand, Brothers in Arms, Burn Spellbooks, Renounce Religion


You were on level 8 of the Dungeon.
You worshipped Trog.
Trog was greatly pleased with you.
You were hungry.

You visited 1 branch of the dungeon, and saw 8 of its levels.

You collected 446 gold pieces.

Inventory:

Hand Weapons
 A - a +0 war axe (weapon)
Armour
 j - a +1 pair of boots (worn)
 I - a cursed +0 scale mail (worn)
Jewellery
 n - an amulet of faith (around neck)
 K - a +4 ring of evasion {unknown}
Wands
 a - a wand of paralysis (7/24)
 z - a wand of iceblast (6/15)
 C - a wand of flame (17/48)
 D - a wand of disintegration (14/24)
 G - a wand of acid (6/15)
 H - a wand of flame (11/48)
 M - a wand of iceblast (8/15)
 P - a wand of lightning (12/15)
Scrolls
 b - 2 scrolls of enchant weapon {unknown}
 f - a scroll of vulnerability {unknown}
 g - 2 scrolls of fear {unknown}
 k - 2 scrolls of identify {unknown}
 m - 4 scrolls of teleportation {unknown}
 q - 3 scrolls of random uselessness {unknown}
 w - 3 scrolls of remove curse {unknown}
 y - 4 scrolls of blinking {unknown}
 B - a scroll of fog {unknown}
 E - 2 scrolls of enchant armour {unknown}
Potions
 d - 3 potions of might
 e - 2 potions of berserk rage {unknown}
 h - a potion of curing {unknown}
 l - a potion of mutation {unknown}
 o - a potion of degeneration {unknown}
 p - a potion of heal wounds {unknown}
 r - a potion of agility {unknown}
 v - 3 potions of lignification {unknown}
 O - a potion of resistance {unknown}
Books
 F - a book of Air

   Spells                             Type                      Level
   a - Shock                          Conjuration/Air              1
   b - Swiftness                      Charms/Air                   2
   c - Repel Missiles                 Charms/Air                   2
   d - Static Discharge               Conjuration/Air              3
   e - Lightning Bolt                 Conjuration/Air              5
   Trog disapproves of the use of such an item.
Comestibles
 c - 6 bread rations
 i - a royal jelly
 u - 9 beef jerkies
 x - 5 meat rations
 N - 19 fruits


   Skills:
 + Level 8.9 Fighting
 + Level 8.8 Axes
 + Level 8.2 Armour
 + Level 7.2 Dodging


You had 8 spell levels left.
You didn't know any spells.

Dungeon Overview and Level Annotations

Branches:
Dungeon (8/15)             Temple (0/1) D:6
   Lair: D:8-11

Altars:
Elyvilon
Fedhas
Kikubaaqudgha
Ru
Trog
Xom

Shops:
D:4 [   D:6 %

Annotations:
D:8 Maurice


Innate Abilities, Weirdness & Mutations

You reflexively headbutt those who attack you in melee.
You have a pair of horns on your head.


Message History

Something hits you but does no damage.
You miss something.
You feel sick. Something hits you but does no damage.
You are more poisoned.
You hit something but do no damage. Your headbutt misses something.
You feel sick. Something hits you.
* * * LOW HITPOINT WARNING * * *
Something steals your thin smoking rod!
You are lethally poisoned!
Something hits you.
* * * LOW HITPOINT WARNING * * *
Something steals your 10 scrolls labeled CULIHO MUYN LUN!
You are more poisoned.
You miss something.
* * * LOW HITPOINT WARNING * * *
You feel very sick. Something hits you.
* * * LOW HITPOINT WARNING * * *
Something steals your dented platinum amulet!
You miss something.
You die...

##### #######..)# #####
..........###.).##
..........#...#..#
............####@################
..........####...{...............
..........>....##################
.........#####. .........+ .
.........# ## ..........
######+#.#


There were no monsters in sight!

Vanquished Creatures
  A hill giant (D:7)
  Grinder (D:6)
  Sigmund (D:6)
  An orc warrior (D:6)
  A sky beast (D:7)
  4 ogres
  A phantom (D:6)
  3 centaurs (D:6)
  A giant frog (D:7)
  A gnoll sergeant (D:5)
  2 scorpions
  4 wights (D:7)
  A howler monkey (D:5)
  A crimson imp (D:7)
  4 orc wizards
  2 orc priests (D:6)
  A gnoll shaman (D:6)
  2 hounds (D:6)
  An iguana (D:4)
  7 worker ants
  A hound skeleton (D:6)
  A howler monkey skeleton (D:7)
  Robin (D:3)
  10 adders
  7 gnolls
  2 shadow imps
  An ooze (D:2)
  2 worms
  An adder skeleton (D:4)
  A dart slug (D:5)
  4 giant geckos
  12 orcs
  A ball python (D:3)
  4 bats
  15 goblins
  8 hobgoblins
  6 jackals
  5 quokkas
  A giant cockroach zombie (D:5)
  A giant gecko skeleton (D:4)
  2 giant newts
  4 kobolds
  A quokka skeleton (D:6)
  2 rats (D:2)
133 creatures vanquished.

Vanquished Creatures (others)
  A quokka (D:7)
1 creature vanquished.

Grand Total: 134 creatures vanquished

Notes
Turn   | Place    | Note
--------------------------------------------------------------
     0 | D:1      | pk666 the Minotaur Berserker began the quest for the Orb.
     0 | D:1      | Reached XP level 1. HP: 19/19 MP: 0/0
   800 | D:1      | Reached XP level 2. HP: 27/27 MP: 1/1
  1433 | D:2      | Reached XP level 3. HP: 33/33 MP: 2/2
  1464 | D:2      | Found a sacrificial altar of Ru.
  1566 | D:2      | Reached ** piety under Trog
  1668 | D:3      | Reached XP level 4. HP: 41/41 MP: 3/3
  2293 | D:3      | Noticed Robin
  2308 | D:3      | Killed Robin
  2541 | D:3      | Reached *** piety under Trog
  2752 | D:4      | Reached XP level 5. HP: 29/47 MP: 4/4
  2952 | D:4      | Found Mosehy's Armour Shoppe.
  3278 | D:4      | Reached skill level 5 in Fighting
  3548 | D:4      | Found an ancient bone altar of Kikubaaqudgha.
  3877 | D:5      | Entered Level 5 of the Dungeon
  3978 | D:4      | Reached skill level 5 in Axes
  3992 | D:5      | Reached XP level 6. HP: 41/56 MP: 5/5
  5137 | D:5      | Reached skill level 5 in Armour
  5137 | D:5      | Reached XP level 7. HP: 62/62 MP: 6/6
  5143 | D:5      | Reached **** piety under Trog
  5585 | D:6      | Found a staircase to the Ecumenical Temple.
  5900 | D:6      | Noticed Sigmund
  5918 | D:6      | Killed Sigmund
  6228 | D:6      | Found Yna Tise's Food Emporium.
  6242 | D:6      | Noticed Grinder
  6250 | D:6      | Killed Grinder
  6250 | D:6      | Reached skill level 5 in Dodging
  6250 | D:6      | Reached XP level 8. HP: 71/71 MP: 7/7
  6930 | D:6      | Found a bloodstained altar of Trog.
  7474 | D:7      | Found a shimmering altar of Xom.
  7488 | D:7      | Reached XP level 9. HP: 35/81 MP: 8/8
  7783 | D:7      | Found a white marble altar of Elyvilon.
  7836 | D:7      | Found a blossoming altar of Fedhas.
  8223 | D:7      | Noticed a hill giant
  8229 | D:7      | Killed a hill giant
  8593 | D:8      | Noticed Maurice
  8622 | D:8      | HP: 1/82 [something (4)]
  8623 | D:8      | Succumbed to Maurice's poison

Vault maps used:
D:1:      dpeg_arrival_connections
D:2:      nicolae_ru_path_of_blood, first_bread
D:3:      uniq_robin
D:4:      kiku_gazebo_garden_becter, serial_shops,
          nicolae_shop_temple_entry_statues_fountains
D:5:      mumra_celtic_spiral_tile, lightli_minifort
D:6:      minmay_temple_entry_mist, serial_shops, kennysheep_mini, trog_book,
          uniq_sigmund, uniq_grinder
D:7:      elyvilon_altar_4, lemuel_doored_altar, nicolae_overflow_crystal_walls,
          st_stairs_2, dk_vineyard_3, minmay_strange_pillars, grunt_ogre_cave,
          wad_mini_maze
D:8:      wad_lake_hut, uniq_prince_ribbit1, uniq_maurice

Skill      XL: |  1  2  3  4  5  6  7  8  9 |
---------------+----------------------------+-----
Fighting       | 4 5 6 8 |  8.9
Armour         | 3 4 5 6 7 8 |  8.2
Axes           | 4 5 6 8 |  8.8
Dodging        | 3 4 5 6 7 |  7.2

Action                   |  1- 3 |  4- 6 |  7- 9 || total
-------------------------+-------+-------+-------++-------
Melee: Hand axe          |    55 |    76 |       ||   131
       Headbutt          |     9 |    20 |    36 ||    65
       War axe           |       |    56 |   169 ||   225
Invok: Berserk           |       |     3 |     6 ||     9
       Burn Spellbooks   |       |       |     2 ||     2
  Eat: Chunk             |     2 |    11 |    14 ||    27
       Pizza             |       |     1 |     1 ||     2
       Fruit             |       |       |     3 ||     3
Armor: Leather armour    |    13 |    17 |       ||    30
       Scale mail        |       |    26 |    46 ||    72
Dodge: Dodged            |    37 |    86 |   111 ||   234
